 Dungeon Sprint DCSS version 0.31-a0-18-gea43df2a32 (webtiles) character file.

Game seed: 10466005542949231691

7 sircluck the Trooper (level 2, -2/28 HPs)
             Began as a Hill Orc Fighter on May 9, 2023.
             Slain by a wyvern (5 damage)
             ... in the Dungeon (Sprint II: "The Violet Keep of Menkaure").
             The game lasted 00:00:09 (28 turns).

sircluck the Trooper (Hill Orc Fighter)               Turns: 28, Time: 00:00:09

Health: -2/28      AC:  7    Str: 18    XL:     2   Next: 0%
Magic:  2/2        EV:  9    Int:  8    God:
Gold:   243        SH:  4    Dex: 10    Spells: 1/1 levels left

rFire   . . .        a - +0 war axe
rCold   . . .        c - +0 buckler
rNeg    . . .        b - +0 scale mail
rPois   .            (no helmet)
rElec   .            (no cloak)
rCorr   .            (no gloves)
SInv    .            (no boots)
Will    .....        (no amulet) Stlth
                     (no ring)
HPRegen 0.24/turn    (no ring)
MPRegen 0.08/turn

%: no teleportation
@: no status effects
A: no striking features
a: no special abilities


You were in the Dungeon.
You visited 1 branch You collected 243 gold pieces.

Inventory:

Hand Weapons
 a - a +0 war axe (weapon)
Armour
 b - a +0 scale mail (worn)
 c - a +0 buckler (worn)
Scrolls
 j - a scroll of blinking
Potions
 d - a potion of might
 e - a potion of curing
 f - a potion of heal wounds
 g - a potion of haste
 h - 2 potions of magic
 i - a potion of berserk rage


   Skills:
 + Level 4.3 Fighting
 + Level 3.4 Axes
 + Level 3.9 Armour
 + Level 3.9 Shields


You had one spell level left.
You didn't know any spells.
Your spell library was empty.

Dungeon Overview and Level Annotations

Branches:
Dungeon (1/1)

Altars:


Message History

You barely miss the worm. The worm closely misses you. x2
You hit the worm.
The worm is moderately wounded.
You hit the worm. You block the worm's attack.
The worm bites you but does no damage.
You slash the worm!
The worm is severely wounded.
You hit the worm. You block the worm's attack. The worm bites you.
You slash the worm!
You kill the worm!
You slash the worm!
Your Fighting skill increases to level 4!
Your Axes skill increases to level 3!
You slash the worm!
You kill the worm!
You have reached level 2!
Unknown command.
You now have 243 gold pieces.
There is an open door here.
There is a staircase leading out of the dungeon here.
You start resting.
HP restored.
You open the door. 2 wyverns come into view.
The wyvern hisses angrily. x2
There's a creature in the doorway!
You slash the wyvern!
The wyvern is heavily wounded.
The wyvern barely misses you. The wyvern bites you.
You hit the wyvern.
The wyvern is heavily wounded.
You block the wyvern's attack. The wyvern bites you.
You closely miss the wyvern.
The wyvern is heavily wounded.
The wyvern bites you! x2
* * * LOW HITPOINT WARNING * * *
You hit the wyvern.
The wyvern is heavily wounded.
The wyvern closely misses you. The wyvern bites you.
You die... ## ## ##. $## .. ..
B#B

##
#+###.##
##.##...#
+.<.'.#
##@####
#l# .#l
.# #. ##
##


You could see 2 wyverns.

Vanquished Creatures
  2 worms (D)
2 creatures vanquished.

Vanquished Creatures (others)
  Menkaure (D)
1 creature vanquished.

Grand Total: 3 creatures vanquished

Notes
Turn   | Place    | Note
-------+----------+-------------------------------------------
     0 | D        | sircluck the Hill Orc Fighter began the quest for the Orb.
     0 | D        | Reached XP level 1. HP: 19/19 MP: 1/1
     1 | D        | Noticed a boulder beetle
     1 | D        | Noticed a boulder beetle
    11 | D        | Reached skill level 4 in Fighting
    12 | D        | Reached XP level 2. HP: 25/28 MP: 2/2
    20 | D        | Killed Menkaure
    24 | D        | Noticed a wyvern
    24 | D        | Noticed a wyvern
    28 | D        | Slain by a wyvern

Illustrated notes

Levels and vault maps discovered:
D:        the_violet_keep_of_menkaure [sprint2_stairs_cluster_1,
          sprint2_shoproom, sprint2_temple, sprint2_basic_supplies,
          sprint2_obstacle_7, sprint2_obstacle_3, sprint2_obstacle_5,
          sprint2_obstacle_4, sprint2_obstacle_6, sprint2_timed_cluster_1,
          sprint2_smallroom_cluster_1, sprint2_smallroom_final_cluster_1,
          sprint2_transparent_cluster_1, sprint2_second_timed_cluster_1,
          sprint2_sniper_area_1, sprint2_heavy_combat_area_1,
          sprint2_mutation_trap_area_1, sprint2_forest_area_1,
          sprint2_light_combat_area_1, sprint2_behind_water_1,
          sprint2_near_end_vault_1]

Skill      XL: |  1 |
---------------+----+-----
Fighting       | 4 |  4.3
Axes           | 3 |  3.4
Armour         | |  3.9
Shields        | |  3.9

Action                     || total
---------------------------++-------
  Melee: War axe           ||     9
 Armour: Scale mail        ||     1
  Dodge: Dodged            ||     4
  Block: Buckler           ||     3

Table legend: (Time is in decaauts)
 A = Elapsed time spent in this place.
 B = Non-inter-level travel time spent in this place.
 C = Inter-level travel time spent in this place.
 D = Time resting spent in this place.
 E = Time spent auto-exploring this place.
 F = Levels seen in this place.
 G = Mean time per level.
                   A        B        C        D        E       F      G
               +--------+--------+--------+--------+--------+-----+--------+
         Total |     31 |     31 |      0 |      6 |      0 |   1 |   31.0 |
       Dungeon |     31 |     31 |      0 |      6 |      0 |   1 |   31.0 |
               +--------+--------+--------+--------+--------+-----+--------+

Top non-repeatable levels by time:
       D: 31 daAuts
